 Dungeon Crawl Stone Soup version 0.32-a0-711-g016ad743e0 (webtiles) character file.

Game seed: 12907778718622165428

1349 gimp the Insei (level 8, 0/52 HPs)
             Began as a Kobold Shapeshifter on Mar 16, 2024.
             Was an Initiate of Trog.
             Slain by an ice beast (9 damage)
             ... on level 7 of the Dungeon.
             The game lasted 00:06:22 (5241 turns).

gimp the Insei (Kobold Shapeshifter)                Turns: 5241, Time: 00:06:22

Health: 0/52       AC:  2    Str: 11    XL:     8   Next: 94%
Magic:  8/8        EV: 14    Int: 12    God:    Trog [......]
Gold:   343        SH:  0    Dex: 22    Spells: 7/7 levels left

rFire   + .          .
                       - Unarmed
rCold   . . .        (no shield)
rNeg    . . .        a - +0 animal skin
rPois   .            f - melded +0 helmet
rElec   .            (cloak currently unavailable)
rCorr   .            (gloves currently unavailable)
SInv    .            j - melded +0 pair of boots
Will    +....        e - amulet of regeneration
Stlth   +++          k - +6 ring of dexterity
HPRegen 1.08/turn    t - ring of protection from fire
MPRegen 0.11/turn

%: no passive effects
@: beast-form, attractive, enlightened, flying
A: beast (slay +3), small, no large weapons, nightstalker 3
a: Begin Untransformation, Renounce Religion


You were on level 7 of the Dungeon.
You worshipped Trog.
Trog was noncommittal.
You were a hulking beast.
You visited 1 branch of the dungeon, and saw 7 of its levels.

You collected 343 gold pieces.

Inventory:

Armour
 a - a +0 animal skin (worn)
 f - a +0 helmet (melded)
 j - a +0 pair of boots (melded)
Jewellery
 b - an amulet of magic regeneration
 e - an amulet of regeneration (around neck)
 k - a +6 ring of dexterity (left hand)
 t - a ring of protection from fire (right hand)
Talismans
 c - a beast talisman (active)
 d - a flux talisman
Scrolls
 g - 2 scrolls of enchant weapon {unknown}
 h - a scroll of blinking {unknown}
 i - a scroll of teleportation {unknown}
 m - 3 scrolls of immolation {unknown}
 n - 2 scrolls of revelation {unknown}
 o - a scroll of torment {unknown}
 p - 3 scrolls of poison {unknown}
 q - 2 scrolls of fear {unknown}
 u - a scroll of identify {unknown}
Potions
 l - a potion of haste {unknown}
 r - a potion of might
 s - a potion of enlightenment
 w - a potion of heal wounds {unknown}


   Skills:
 + Level 6.5 Fighting
 - Level 2.4 Dodging
 + Level 6.6 Unarmed Combat
 + Level 6.1 Shapeshifting


You had 7 spell levels left.
You didn't know any spells.
Your spell library contained the following spells:

 Spells                   Type           Power      Damage    Failure   Level
 Stone Arrow              Conj/Erth      0%         3d7       69%         3
 Animate Armour           Summ/Erth      0%         N/A       97%         4
 Lehudib's Crystal Spear  Conj/Erth      0%         10d2      100%        8


Dungeon Overview and Level Annotations

Branches:
Dungeon (7/15)             Temple (0/1) D:5

Altars:
Gozag
Nemelex Xobeh
Trog

Annotations:
D:2 Sigmund


Innate Abilities, Weirdness & Mutations

You are a hulking beast.
Your limbs bulge with bestial killing power. (Slay +3)
You are small and have problems with some larger weapons.
You are completely attuned to the shadows.


Message History

You kill the orc!
Trog accepts your kill.
The kobold throws a stone.
The stone closely misses you.
No target in range!
No target in range!
You closely miss the kobold. The kobold hits you with a +0 dagger.
You take 2 damage, and have 50/52 hp.
You closely miss the kobold. The kobold misses you.
You hit the kobold.
The kobold is severely wounded.
The kobold hits you with a +0 dagger.
You punch the kobold!
You kill the kobold!
Trog accepts your kill.
The kobold throws a stone.
The stone barely misses you.
Health restored: 52 A kobold brigand comes into view.
It is wielding a +0 whip and quivering poisoned darts.
The kobold hits you with a +0 short sword.
The kobold brigand hits you with a +0 whip!
You see here a +0 dagger.
You take 13 damage, and have 39/52 hp.
MASSIVE DAMAGE!!
You hit the kobold brigand but do no damage.
The kobold hits you with a +0 short sword.
The kobold brigand misses you.
You take 3 damage, and have 36/52 hp.
You barely miss the kobold brigand.
A kobold comes into view.
It is wielding a +0 short sword and quivering poisoned darts.
The kobold misses you.
The kobold brigand hits you with a +0 whip.
You take 3 damage, and have 33/52 hp.
You hit the kobold brigand.
The kobold brigand is lightly wounded.
The kobold barely misses you. The kobold brigand closely misses you.
An ice beast comes into view.
You closely miss the kobold brigand.
The kobold brigand is lightly wounded.
The kobold hits you with a +0 short sword.
A kobold comes into view. It is wielding a +0 short sword.
The kobold brigand barely misses you.
You take 2 damage, and have 32/52 hp.
You punch the kobold brigand!
The kobold brigand is heavily wounded.
The kobold misses you.
The kobold brigand hits you with a +0 whip!
You take 8 damage, and have 24/52 hp.
You are too injured to fight recklessly!
You are too injured to fight recklessly!
You are too injured to fight recklessly!
You are too injured to fight recklessly!
You are too injured to fight recklessly!
You are too injured to fight recklessly!
You barely miss the kobold.
The kobold hits you with a +0 short sword.
You barely miss the kobold. You hit the kobold.
You kill the kobold!
Trog accepts your kill.
You punch the kobold brigand!
The kobold brigand is almost dead.
The kobold brigand barely misses you.
You punch the kobold brigand!
You kill the kobold brigand!
Trog accepts your kill.
You hit the kobold.
You kill the kobold!
Trog accepts your kill.
You hit the ice beast.
The ice beast is lightly wounded.
The ice beast barely misses you.
You hit the ice beast but do no damage.
The ice beast is lightly wounded.
You hit the ice beast.
The ice beast is lightly wounded.
The ice beast barely misses you.
You closely miss the ice beast.
The ice beast is lightly wounded.
The ice beast hits you. The ice beast freezes you!
You take 12 damage, and have 21/52 hp.
MASSIVE DAMAGE!!
You hit the ice beast but do no damage.
The ice beast is lightly wounded.
The ice beast misses you.
You hit the ice beast. You punch the ice beast.
The ice beast is moderately wounded.
The ice beast hits you but does no damage.
Okay, then.
Okay, then.
You hit the ice beast but do no damage.
The ice beast is moderately wounded.
The ice beast hits you. The ice beast freezes you!
* * * LOW HITPOINT WARNING * * *
You take 13 damage, and have 9/52 hp.
MASSIVE DAMAGE!!
It was a potion of enlightenment.
You feel very buoyant.
You fly up into the air.
The ice beast barely misses you.
It was a potion of attraction.
You feel attractive to monsters. The ice beast hits you.
* * * LOW HITPOINT WARNING * * *
The ice beast freezes you!
You die...

#...#...........#.
##.##........##...
#.......# #.##
#.......# ..
##.....## #.....##
##....## #......#
###h##.## ##Y....
#.K#... #..Y)..##.
..K.#....
...#####. ...


You could see an ice beast and a kobold.

Vanquished Creatures
  A steam dragon (D:7)
  3 sky beasts
  A phantom (D:3)
  A kobold brigand (D:7)
  3 bullfrogs
  A gnoll sergeant (D:6)
  A scorpion (D:5)
  2 bombardier beetles (D:5)
  3 hounds
  2 jellies
  2 sleepcaps
  Jessica (D:2)
  2 iguanas
  5 gnolls (D:6)
  An adder (D:3)
  A shadow imp (D:6)
  2 ufetubi (D:5)
  5 dart slugs
  2 ribbon worms (D:2)
  5 orcs
  6 ball pythons
  3 bats
  5 endoplasms
  2 giant cockroaches
  3 goblins
  3 hobgoblins
  2 jackals (D:1)
  13 kobolds
  3 quokkas
  2 frilled lizards (D:1)
  5 rats
91 creatures vanquished.

Notes
Turn   | Place    | Note
-------+----------+-------------------------------------------
     0 | D:1      | gimp the Kobold Shapeshifter began the quest for the Orb.
     0 | D:1      | Reached XP level 1. HP: 12/12 MP: 1/1
   136 | D:1      | Found a faded altar of an unknown god.
   141 | D:1      | Reached XP level 2. HP: 16/16 MP: 2/2
   458 | D:1      | Reached XP level 3. HP: 21/21 MP: 3/3
   805 | D:2      | Noticed Jessica
   813 | D:2      | Killed Jessica
   814 | D:2      | Reached XP level 4. HP: 13/27 MP: 4/4
   993 | D:2      | Noticed Sigmund
  1241 | D:2      | Found a bloodstained altar of Trog.
  1986 | D:2      | Became a worshipper of Trog the Wrathful
  2403 | D:3      | Noticed a phantom
  2411 | D:3      | Reached XP level 5. HP: 23/32 MP: 5/5
  2427 | D:3      | Killed a phantom
  2428 | D:3      | Reached XP level 6. HP: 14/37 MP: 6/6
  2872 | D:4      | Noticed a sky beast
  2893 | D:5      | Entered Level 5 of the Dungeon
  2903 | D:5      | Killed a sky beast
  2986 | D:5      | HP: 1/57 [ufetubus (3)]
  2994 | D:5      | Reached XP level 7. HP: 22/43 MP: 7/7
  3206 | D:5      | Found a staircase to the Ecumenical Temple.
  3394 | D:5      | Reached skill level 5 in Unarmed Combat
  4056 | D:6      | Found a sparkling altar of Nemelex Xobeh.
  4072 | D:6      | Found an opulent altar of Gozag.
  4232 | D:6      | Reached skill level 5 in Fighting
  4232 | D:6      | Reached skill level 5 in Shapeshifting
  4279 | D:6      | Reached XP level 8. HP: 24/49 MP: 8/8
  5241 | D:7      | Slain by an ice beast

Illustrated notes

Levels and vault maps discovered:
D:1:      minmay_arrival_cross, layout_basic, ebering_ecumenical_altar_abandoned
D:2:      layout_basic, basic_altar, uniq_sigmund, uniq_jessica
D:3:      layout_basic, minmay_vboxes
D:4:      layout_basic, serial_glass, glass_columns_a, glass_columns_a,
          glass_columns_b, glass_columns_b, kennysheep_decorative_pillar,
          grunt_decor_resistance, chequers_serial_rivers_room_a,
          uniq_blork_the_orc, uniq_natasha
D:5:      layout_basic, minmay_temple_entry_statues_fountains
D:6:      layout_loops_cross, nicolae_overflow_hidden_temple,
          mainiacjoe_overflow_tiny_flanked
D:7:      layout_cave_pools, ebering_ghost_gozag, grunt_ministairs_10,
          uniq_joseph

Skill      XL: |  1  2  3  4  5  6  7  8 |
---------------+-------------------------+-----
Fighting       | 2 3 4 5 6 |  6.5
Unarmed Combat | 4 5 6 |  6.6
Shapeshifting  | 4 5 6 |  6.1
Dodging        | |  2.4

Action                     |  1- 3 |  4- 6 |  7- 9 || total
---------------------------+-------+-------+-------++-------
  Melee: Unarmed           |    80 |   109 |   172 ||   361
         Punch             |     2 |     2 |     6 ||    10
    Use: Potion            |       |     4 |     2 ||     6
   Stab: Sleeping          |    12 |     6 |     7 ||    25
         Distracted        |       |     1 |       ||     1
 Armour: Animal skin       |    27 |    66 |    84 ||   177
         Skin              |       |    37 |       ||    37
  Dodge: Dodged            |    31 |   113 |   106 ||   250
         Form:             |     2 |       |       ||     2
         Beast             |     2 |       |       ||     2

Table legend: (Time is in decaauts)
 A = Elapsed time spent in this place.
 B = Non-inter-level travel time spent in this place.
 C = Inter-level travel time spent in this place.
 D = Time resting spent in this place.
 E = Time spent auto-exploring this place.
 F = Levels seen in this place.
 G = Mean time per level.
                   A        B        C        D        E       F      G
               +--------+--------+--------+--------+--------+-----+--------+
         Total |   5208 |   5009 |    199 |     40 |   4121 |   7 |  744.0 |
       Dungeon |   5208 |   5009 |    199 |     40 |   4121 |   7 |  744.0 |
               +--------+--------+--------+--------+--------+-----+--------+

Top non-repeatable levels by time:
     D:2: 1431 daAuts
     D:5: 1149 daAuts
     D:6: 974 daAuts
     D:3: 726 daAuts
     D:1: 587 daAuts
     D:7: 204 daAuts
     D:4: 135 daAuts
